 Dungeon Crawl Stone Soup version 0.19.1-1-g22dce08 (webtiles) character file.

449 Zelle the Poker (level 7, -4/44 HPs)
             Began as a Gargoyle Monk on Jan 14, 2017.
             Was a Believer of Okawaru.
             Killed by divine providence
             ... invoked by an orc priest
              (14 damage)
             ... on level 4 of the Dungeon.
             The game lasted 00:28:09 (5015 turns).

Zelle the Poker (Gargoyle Monk)                     Turns: 5015, Time: 00:28:10

Health: -4/44      AC: 18    Str: 16      XL:     7   Next: 4%
Magic:  7/7        EV:  3    Int: 10      God:    Okawaru [**....]
Gold:   34         SH:  9    Dex: 12 (13) Spells: 0 memorised, 6 levels left

rFire  . . .     SeeInvis +     a - +0 spear
rCold  . . .     Gourm    .     e - +0 plate armour
rNeg   + . .     Faith    .     m - +0 shield
rPois  ∞         Spirit   .     (no helmet)
rElec  +         Reflect  .     (no cloak)
rCorr  .         Harm     .     (no gloves)
MR     .....                    (no boots)
Stlth  ..........               (no amulet)
                                u - +3 ring of protection
                                p - ring of see invisible

@: no status effects
A: negative energy resistance 1, electricity resistance, unbreathing,
petrification resistance, rot immunity, AC +4
a: Heroism, Renounce Religion


You were on level 4 of the Dungeon.
You worshipped Okawaru.
Okawaru was pleased with you.
You were full.

You visited 1 branch of the dungeon, and saw 4 of its levels.

You collected 265 gold pieces.
You spent 231 gold pieces at shops.

Inventory:

Hand Weapons
 a - a +0 spear (weapon)
 v - a +2 dagger of speed
 y - a +0 falchion
Missiles
 l - 2 needles of sleeping
 o - 39 poisoned needles
Armour
 b - a +0 robe
 e - a +0 plate armour (worn)
 m - a +0 shield (worn)
 q - a +0 buckler
Magical Staves
 s - an uncursed staff of wizardry {unknown}
Jewellery
 p - a ring of see invisible (left hand)
 t - an uncursed amulet of faith {unknown}
 u - a +3 ring of protection (right hand)
Scrolls
 d - a scroll of remove curse {unknown}
 f - 5 scrolls of identify {unknown}
 k - a scroll of random uselessness {unknown}
 x - a scroll of teleportation {unknown}
Potions
 g - a potion of agility {unknown}
 h - 2 potions of cancellation {unknown}
 i - a potion of berserk rage {unknown}
Comestibles
 c - a bread ration


   Skills:
 + Level 4.3 Fighting
 + Level 5.0 Polearms
 + Level 1.8 Armour
 + Level 3.1 Dodging
 + Level 2.3 Stealth
 + Level 3.4 Shields


You had 6 spell levels left.
You didn't know any spells.

Dungeon Overview and Level Annotations

Branches:
Dungeon (4/15)
 Temple: D:4-7

Altars:
Okawaru

Shops:
D:4 =([

Annotations:
D:4 Eustachio


Innate Abilities, Weirdness & Mutations

You are resistant to torment.
Your stone body is resilient. (AC +4)
You are immune to poison.
You resist negative energy. (rN+)
You are resistant to electric shocks. (rElec)
You can survive without breathing.
You are immune to petrification.
You are immune to rotting.


Message History

Eustachio blinks!
The bat hits you but does no damage. The bat hits you but does no damage.
You block the bat's attack. You block the orc's attack.
You hit the bat.
You kill the bat!
The bat's corpse disappears in a puff of smoke!
You block the river rat's attack. The orc hits you but does no damage.
The orc hits you but does no damage.
The river rat bites you but does no damage.
Eustachio mumbles some strange words.
The river rat disappears in a puff of smoke!
The orc priest looks satisfied for a moment.
The orc hits you but does no damage.
Eustachio gestures wildly while chanting.
Eustachio blinks!
The orc hits you but does no damage.
The orc priest calls down the wrath of Beogh upon you.
Beogh smites you!
You die...

.................................
................................)
.................................
.................................
.................................
..........................(......
......######...................
.......### #....................
......... #..@...(r........... .
........ ##..ooZrr........... .
#.......# ##.o...............
.##....# #.# #...r@............
.......# #.# #.................
#......## #.###....o.o..........
#......# #..##.................
#....#..####..#...............w.
##....##..##......8.8.8..........


You could see Eustachio, 2 orc priests, 2 river rats, 3 orcs, a quokka, a rat
and an adder skeleton.

Vanquished Creatures
  A phantom (D:4)
  2 scorpions (D:4)
  2 hounds (D:4)
  A bullfrog skeleton (D:4)
  A worker ant (D:4)
  A gnoll (D:1)
  6 adders
  An ooze (D:4)
  2 worms (D:3)
  2 dart slugs
  2 leopard geckos
  7 orcs (D:4)
  11 bats
  6 giant cockroaches
  8 goblins
  8 hobgoblins
  3 jackals (D:1)
  7 kobolds
  A quokka (D:2)
  13 frilled lizards
  8 rats
93 creatures vanquished.

Notes
Turn   | Place    | Note
-------+----------+-------------------------------------------
     0 | D:1      | Zelle the Gargoyle Monk began the quest for the Orb.
     0 | D:1      | Reached XP level 1. HP: 14/14 MP: 1/1
   426 | D:1      | Reached XP level 2. HP: 19/19 MP: 2/2
  1043 | D:1      | Reached skill level 3 in Polearms
  1341 | D:1      | Reached XP level 3. HP: 23/23 MP: 3/3
  2125 | D:2      | Reached XP level 4. HP: 29/29 MP: 4/4
  3140 | D:3      | Reached XP level 5. HP: 30/33 MP: 5/5
  3213 | D:3      | Found a faded altar of an unknown god.
  3231 | D:3      | Reached skill level 4 in Polearms
  3383 | D:3      | Reached skill level 1 in Armour
  3897 | D:4      | Found an iron altar of Okawaru.
  3924 | D:4      | Reached skill level 1 in Shields
  3960 | D:4      | Became a worshipper of Warmaster Okawaru
  3960 | D:4      | Reached * piety under Okawaru
  3960 | D:4      | Reached ** piety under Okawaru
  3969 | D:4      | Found Utor's Antique Weapon Shop.
  4004 | D:4      | Found Jurcha's Jewellery Shop.
  4036 | D:4      | Noticed a phantom
  4158 | D:4      | Bought a +3 ring of protection for 231 gold pieces
  4241 | D:4      | Reached XP level 6. HP: 29/38 MP: 6/6
  4318 | D:4      | Found Itetik's Antique Armour Shoppe.
  4446 | D:4      | Noticed a phantom
  4486 | D:4      | Noticed Eustachio
  4781 | D:4      | Killed a phantom
  4781 | D:4      | Reached XP level 7. HP: 10/44 MP: 7/7
  4791 | D:4      | HP: 1/44 [quokka[Eustachio] (3)]
  4798 | D:4      | Reached skill level 5 in Polearms
  5015 | D:4      | Killed from afar by an orc priest

Skill      XL: |  1  2  3  4  5  6  7 |
---------------+----------------------+-----
Polearms       | 3 4 5 |  5.0
Dodging        | 3 |  3.1
Armour         | 1 |  1.8
Fighting       | 4 |  4.3
Shields        | 2 3 |  3.4
Stealth        | |  2.3

Action                   |  1- 3 |  4- 6 |  7- 9 || total
-------------------------+-------+-------+-------++-------
Melee: Spear             |   168 |   579 |    53 ||   800
  Use: Potion            |       |       |     3 ||     3
  Eat: Meat ration       |     1 |       |       ||     1
       Bread ration      |       |     1 |     1 ||     2
       Pizza             |       |     1 |       ||     1
       Beef jerky        |       |     1 |       ||     1
       Royal jelly       |       |       |     1 ||     1
Armor: Robe              |    22 |       |       ||    22
       Plate armour      |   135 |   633 |   224 ||   992
Dodge: Dodged            |    64 |   103 |    37 ||   204
Block: Shield            |       |   363 |   134 ||   497
